cohdb
Replays
Latest Replays
All Replays
Popular Replays
Top Player Replays
Match Explorer
How It Works
Community
CoH3 Stats
Reddit
Sign in to upload your games and track your stats! →
Sign in with Steam
Match 46492963
Unlisted
Match 46492963
Overview
Messages
Build Orders
End
Selects Italian Coastal Battlegroup
Selects Coastal Reserves
Coastal Reserve
Kettenkrad Recon Vehicle
Coastal Reserve
Construct Infanterie Kompanie
Coastal Reserve
Construct Panzergrenadier Kompanie
Medical Bunker
MG 42 Machine Gun Team
Selects Support Bunkers
Coastal Reserve
Selects Designated Artillery Overwatch
Pak 40 Anti-tank Gun Team
Designated Artillery Overwatch
Panzergrenadier Officer Quarters
Infanterie Officer Quarters
Coastal Reserve
Selects Bulwark
Construct Panzer Kompanie
Selects Artillery Officer
Panzer Officer Quarters
Selects Obice da 210/22 Artillery Emplacement
Alloyzy Klex®
SEPH
KрепкийOрешек
Timeless
0
0
Comments
sign in to comment!
No comments posted yet!